 Dungeon Crawl Stone Soup version 0.31-a0-931-g7b59d4eb97 (webtiles) character file.

Game seed: 8589774071585990413

1613 IdlyInterested the Cutter (level 8, -2/56 (58) HPs)
             Began as a Demonspawn Fighter on Oct 19, 2023.
             Slain by a wight
             ... wielding a +2 halberd
              (9 damage)
             ... on level 6 of the Dungeon.
             The game lasted 00:16:29 (4834 turns).

IdlyInterested the Cutter (Demonspawn Fighter)      Turns: 4834, Time: 00:16:30

HP:   -2/56 (58)    AC: 11    Str: 17    XL:     8   Next: 64%
MP:   13/14         EV:  9    Int: 14    God:
Gold: 277           SH:  0    Dex: 20    Spells: 13/15 levels left

rFire   . . .        u - +7 mace of Vobb {spect, Dex+6}
rCold   . . .        (no shield)
rNeg    . . .        o - +0 chain mail
rPois   .            (no helmet)
rElec   .            f - +0 cloak
rCorr   .            (no gloves)
SInv    .            g - +0 pair of boots
Will    .....        (no amulet) Stlth
                     (no ring)
HPRegen 0.29/turn    (no ring)
MPRegen 0.28/turn

%: no passive effects
@: lightly drained
A: magic regeneration, big brain 2, demonic touch 2
a: no special abilities


You were on level 6 of the Dungeon.
You visited 2 branches of the dungeon, and saw 7 of its levels.
You also visited: Ossuary.

You collected 277 gold pieces.

Inventory:

Hand Weapons
 a - a +1 rapier
 i - a +0 falchion
 u - the +7 mace of Vobb (weapon) {spect, Dex+6}
   (You found it on level 4 of the Dungeon)

   Dex+6:     It affects your dexterity (+6).
 A - a +8 club
Missiles
 h - 14 stones (quivered)
Armour
 b - a +0 scale mail
 f - a +0 cloak (worn)
 g - a +0 pair of boots (worn)
 o - a +0 chain mail (worn)
Jewellery
 C - a ring of resist corrosion
Wands
 k - a wand of acid (7)
 t - a wand of paralysis (7)
 v - a wand of mindburst (17)
 y - a wand of iceblast (8)
Scrolls
 c - 2 scrolls of blinking
 l - a scroll of immolation
 n - 2 scrolls of poison
 s - 4 scrolls of teleportation
 w - 2 scrolls of enchant weapon
 E - a scroll of fear {unknown}
 G - a scroll of amnesia {unknown}
 H - a scroll of enchant armour {unknown}
 I - a scroll of noise
Potions
 d - a potion of might
 e - 2 potions of curing
 j - 4 potions of haste
 m - 3 potions of enlightenment
 p - 2 potions of lignification
 q - a potion of heal wounds {unknown}
 r - a potion of mutation {unknown}
 x - a potion of resistance {unknown}
 z - a potion of brilliance {unknown}
 B - 2 potions of degeneration {unknown}
 D - a potion of ambrosia {unknown}
 J - a potion of attraction {unknown}


   Skills:
 - Level 3.0 Fighting
 - Level 6.0 Short Blades
 - Level 3.0 Throwing
 - Level 3.0 Armour
 - Level 3.0 Dodging
 - Level 3.0 Stealth
 - Level 3.0 Shields
 + Level 4.1 Spellcasting
 - Level 3.0 Invocations
 - Level 3.0 Evocations


You had 13 spell levels left.
You knew the following spells:

 Your Spells              Type           Power      Damage    Failure   Level
a - Passwall              Tmut/Erth      1%         N/A       97%         2

Your spell library contained the following spells:

 Spells                   Type           Power      Damage    Failure   Level
 Magic Dart               Conj           8%         1d3       90%         1
 Sandblast                Erth           4%         2d4       90%         1
 Call Imp                 Summ           4%         N/A       97%         2
 Ensorcelled Hibernation  Hex/Ice        4%         N/A       97%         2
 Jinxbite                 Hex            4%         N/A       97%         2
 Mephitic Cloud           Conj/Pois/Air  2%         N/A       99%         3
 Stone Arrow              Conj/Erth      4%         3d7       99%         3
 Anguish                  Hex/Necr       1%         N/A       100%        4
 Animate Armour           Summ/Erth      4%         N/A       100%        4
 Brom's Barrelling Bould  Conj/Erth      2%         2d3       100%        4
 Summon Lightning Spire   Summ/Air       2%         N/A       100%        4
 Lee's Rapid Deconstruct  Erth           1%         3d4*      100%        5
 Summon Forest            Summ/Tloc      1%         N/A       100%        5
 Summon Mana Viper        Hex/Summ       2%         N/A       100%        5
 Summon Cactus Giant      Summ           1%         N/A       100%        6


Dungeon Overview and Level Annotations

Branches:
Dungeon (6/15)             Temple (1/1) D:5         Ossuary (visited)

Altars:
Ashenzari
Cheibriados
Fedhas
Hepliaklqana
Kikubaaqudgha
Makhleb
Nemelex Xobeh
Okawaru
Qazlal
Ru
Trog
Vehumet
Wu Jian
Xom
Yredelemnul


Innate Abilities, Weirdness & Mutations

You regenerate magic rapidly.
You have an extremely huge brain. (Int +4)
Your touch may inflict irresistible damage on your foes.


Message History

Unknown command.
You thump the orc priest!
You kill the orc priest!
You feel less wooden.
Your +0 cloak unmelds from your body.
Your +0 pair of boots unmelds from your body.
Your +0 chain mail unmelds from your body.
The wight hits you from afar with a +2 halberd!
The orc hits you but does no damage. The wight hits you with a +0 flail.
You feel drained.
You open the door.
The wight hits you from afar with a +2 halberd.
The orc misses you. The wight hits you with a +0 flail.
* * * LOW HITPOINT WARNING * * *
Found 4 stones.
The wight barely misses you. The wight hits you with a +0 flail.
* * * LOW HITPOINT WARNING * * *
The wight barely misses you.
There is an open door here.
The wight hits you from afar with a +4 spear!
* * * LOW HITPOINT WARNING * * *
You feel better. The orc hits you but does no damage.
You thump the orc!
You kill the orc!
The wight closely misses you.
You barely miss the wight.
You touch the wight!
The wight is severely damaged.
The wight hits you but does no damage.
You hit the wight.
You destroy the wight!
The wight hits you from afar with a +2 halberd!
* * * LOW HITPOINT WARNING * * *
You feel drained.
* * * LOW HITPOINT WARNING * * *
The wight closely misses you.
Your Spellcasting skill increases to level 4!
Okay, then.
The wight attacks as it pursues you!
The wight hits you from afar with a +2 halberd!
You die...

...#.......##
............#
._.........+
...........#
..#.......##
..##..)).##
##.†.##
##'####
#.z.@#
#.###.# #..#
#.# ..... #.#
#..... ...
....... ###
###.#.(##
#.##.


You could see a wight.

Vanquished Creatures
  An ice beast (D:5)
  12 scorpions
  A bullfrog (D:6)
  A wight (D:6)
  3 centaur zombies (Ossuary)
  A hound (D:5)
  An orc priest (D:6)
  2 human zombies (Ossuary)
  3 iguanas (D:5)
  6 scorpion zombies (Ossuary)
  3 mummies (Ossuary)
  5 gnolls
  9 adders
  2 ufetubi (D:5)
  3 worms (D:2)
  5 dart slugs
  9 orcs
  4 ball pythons
  4 bats
  2 endoplasms
  2 giant cockroaches
  3 hobgoblins
  A jackal (D:3)
  4 quokkas
  4 frilled lizards
  A gnoll zombie (Ossuary)
  3 goblins
  2 goblin zombies (Ossuary)
  A hobgoblin zombie (Ossuary)
  4 kobolds
  2 orc zombies (Ossuary)
  5 rats
109 creatures vanquished.

Vanquished Creatures (others)
  Ijyb (D:5)
1 creature vanquished.

Grand Total: 110 creatures vanquished

Notes
Turn   | Place    | Note
-------+----------+-------------------------------------------
     0 | D:1      | IdlyInterested the Demonspawn Fighter began the quest for
                  | the Orb.
     0 | D:1      | Reached XP level 1. HP: 18/18 MP: 1/1
    98 | D:1      | Reached skill level 2 in Short Blades
    98 | D:1      | Gained mutation: You regenerate magic rapidly. [demonic
                  | ancestry]
    98 | D:1      | Reached XP level 2. HP: 17/24 MP: 2/2
   835 | D:2      | Reached skill level 3 in Short Blades
  1049 | D:2      | Gained mutation: You have an unusually large brain. (Int
                  | +2) [demonic ancestry]
  1049 | D:2      | Reached XP level 3. HP: 29/29 MP: 3/3
  1157 | D:2      | Learned a level 2 spell: Passwall
  1520 | D:3      | Reached skill level 1 in Spellcasting
  2056 | D:3      | Gained mutation: Your touch may inflict minor irresistible
                  | damage on your foes. [demonic ancestry]
  2056 | D:3      | Reached XP level 4. HP: 16/35 MP: 6/6
  2264 | D:3      | Found a faded altar of an unknown god.
  2336 | D:3      | Found a hazy altar of Hepliaklqana.
  3031 | D:4      | Noticed a scorpion
  3043 | D:4      | Killed a scorpion
  3044 | D:4      | Reached XP level 5. HP: 39/41 MP: 7/9
  3088 | D:4      | Identified the +7 mace of Vobb {spect, Dex+6}
  3599 | D:5      | Entered Level 5 of the Dungeon
  3605 | D:5      | Reached skill level 1 in Evocations
  3657 | D:5      | Gained mutation: Your touch may inflict irresistible damage
                  | on your foes. [demonic ancestry]
  3657 | D:5      | Reached XP level 6. HP: 34/47 MP: 10/10
  3690 | D:5      | Noticed Ijyb
  3692 | D:5      | Found a staircase to the Ecumenical Temple.
  3694 | D:5      | Killed Ijyb
  3739 | D:5      | Noticed an ice beast
  3746 | D:5      | Reached skill level 1 in Dodging
  3750 | D:5      | Killed an ice beast
  3867 | D:5      | Found a sand-covered staircase.
  3876 | Ossuary  | Entered an ossuary
  3919 | Ossuary  | Reached skill level 1 in Throwing
  3919 | Ossuary  | Reached XP level 7. HP: 48/52 MP: 11/11
  3949 | Ossuary  | Reached skill level 1 in Stealth
  4110 | Ossuary  | Reached skill level 4 in Short Blades
  4110 | Ossuary  | Gained mutation: You have an extremely huge brain. (Int +4)
                  | [demonic ancestry]
  4110 | Ossuary  | Reached XP level 8. HP: 57/58 MP: 12/12
  4146 | Ossuary  | Reached skill level 5 in Short Blades
  4284 | D:5      | Reached skill level 6 in Short Blades
  4734 | Temple   | Entered the Ecumenical Temple
  4790 | D:6      | Found a blossoming altar of Fedhas.
  4834 | D:6      | Slain by a wight

Illustrated notes

Levels and vault maps discovered:
D:1:      dpeg_arrival_yet_another_circle, layout_basic, nicolae_grassy_gnolls
D:2:      layout_rooms
D:3:      layout_basic, worldfamousw_hep_ancestral_shrine,
          hellmonk_ecumenical_altar_defaced_shrine, minivault_5,
          grunt_ministairs_9, minmay_bisected
D:4:      layout_loops_ring
D:5:      layout_loops_ring, temple_pool_b, nicolae_ossuary_entry_ruins,
          minmay_misc_feat_secret_circle, uniq_ijyb
D:6:      layout_loops_corners, grunt_temple_overflow_open
Temple:   nicolae_temple_two_arcs

Skill      XL: |  1  2  3  4  5  6  7  8 |
---------------+-------------------------+-----
Short Blades   | 2 3 4 6 |  6.0
Armour         | 3 |  3.0
Spellcasting   | 1 3 4 |  4.1
Invocations    | 2 3 |  3.0
Evocations     | 2 3 |  3.0
Dodging        | 3 |  3.0
Throwing       | 1 3 |  3.0
Stealth        | 3 |  3.0
Shields        | 3 |  3.0
Fighting       | |  3.0

Action                     |  1- 3 |  4- 6 |  7- 9 || total
---------------------------+-------+-------+-------++-------
  Melee: Rapier            |   192 |    55 |       ||   247
         Touch             |       |    15 |    20 ||    35
         Punch             |       |     1 |     2 ||     3
         Mace              |       |    36 |    89 ||   125
    Use: Potion            |     1 |     1 |     5 ||     7
         Scroll            |       |     6 |     3 ||     9
   Stab: Distracted        |       |       |     1 ||     1
 Armour: Scale mail        |   122 |    24 |       ||   146
         Chain mail        |       |    49 |   100 ||   149
         Skin              |       |       |    28 ||    28
  Dodge: Dodged            |    78 |    32 |    54 ||   164
  Block: Buckler           |    35 |     2 |       ||    37

Table legend: (Time is in decaauts)
 A = Elapsed time spent in this place.
 B = Non-inter-level travel time spent in this place.
 C = Inter-level travel time spent in this place.
 D = Time resting spent in this place.
 E = Time spent auto-exploring this place.
 F = Levels seen in this place.
 G = Mean time per level.
                   A        B        C        D        E       F      G
               +--------+--------+--------+--------+--------+-----+--------+
         Total |   4912 |   4372 |    540 |    341 |   2590 |   8 |  614.0 |
       Dungeon |   4482 |   3942 |    540 |    227 |   2590 |   6 |  747.0 |
        Temple |      1 |      1 |      0 |      0 |      0 |   1 |    1.0 |
       Ossuary |    428 |    428 |      0 |    114 |      0 |   1 |  428.0 |
               +--------+--------+--------+--------+--------+-----+--------+

Top non-repeatable levels by time:
     D:3: 1291 daAuts
     D:4: 925 daAuts
     D:1: 907 daAuts
     D:5: 694 daAuts
     D:2: 603 daAuts
 Ossuary: 428 daAuts
     D:6: 60 daAuts
  Temple: 1 daAuts
